Map: Ephemeron LE

Players

ShoWTimE - Winner!

  • Race: Protoss Protoss
  • Spawn Location: 11:00

Cham

  • Race: Zerg Zerg
  • Spawn Location: 5:00

VOD

Have the link to the VOD?

Description

Time

  • Played on: Sept. 7, 2019, 2:11 p.m.
  • Length: 14:27
Show
View Real Time Build Order
Export as new Build Order

ShoWTimE Protoss - Winner!

Build Orders: 1 Gate Expand, Archon Immortal, Archon Drop, Dark Templar Rush 

Get SALT Encoding   

  12  0:00  Probe  
  13  0:13  Pylon, Probe  
  14  0:21  Probe  
  15  0:31  Probe  
  16  0:39  Gateway  
  16  0:43  Probe  
  16  0:48  Assimilator  
  17  0:55  Probe  
  18  1:07  Probe  
  19  1:20  Probe  
  19  1:25  Nexus  
  20  1:34  Cybernetics Core  
  20  1:38  Probe  
  21  1:45  Assimilator  
  21  1:50  Probe  
  21  1:53  Pylon  
  22  2:01  Adept  
  22  2:02  Probe  
  23  2:11  Warp Gate  
  23  2:14  Probe  
  26  2:22  Stalker  
  26  2:26  Probe  
  27  2:32  Twilight Council  
  27  2:33  Probe  
  29  2:38  Probe  
  29  2:42  Probe  
  31  2:51  Probe  
  33  2:52  Probe  
  33  2:54  Robotics Facility  
  34  3:03  Probe  
  34  3:04  Probe  
  36  3:14  Gateway  
  36  3:15  Probe  
  37  3:20  Dark Shrine  
  37  3:21  Probe  
  38  3:27  Probe  
  38  3:30  Gateway  
  39  3:34  Gateway  
  39  3:37  Warp Prism, Probe  
  39  3:40  Probe  
  42  3:53  Pylon  
  42  3:54  Probe  
  43  3:56  Probe  
  44  4:02  Assimilator  
  44  4:04  Assimilator  
  44  4:06  Probe  
  44  4:08  Probe  
  46  4:10  Pylon  
  46  4:12  Adept  
  46  4:16  Probe  
  48  4:18  Probe  
  48  4:19  Pylon  
  50  4:24  Probe  
  50  4:30  Probe  
  52  4:34  Probe  
  52  4:37  Dark Templar x2  
  57  4:39  Dark Templar  
  57  4:42  Probe  
  57  4:43  Dark Templar  
  57  4:44  Archon  
  62  4:49  Archon  
  62  4:51  Observer  
  63  4:57  Probe x2  
  65  5:00  Pylon  
  65  5:04  Pylon  
  65  5:15  Probe x2  
  65  5:16  Immortal  
  65  5:19  Nexus  
  65  5:20  Pylon, Sentry x2  
  75  5:32  Probe x2  
  77  5:36  Charge  
  77  5:38  Forge  
  77  5:40  Shield Battery  
  77  5:44  Probe x2  
  77  5:45  Immortal  
  79  5:56  Probe  
  79  5:57  Probe  
  85  6:08  Probe  
  85  6:09  Probe  
  87  6:12  Protoss Ground Weapons Level 1  
  87  6:13  Gateway  
  87  6:14  Immortal  
  87  6:16  Gateway  
  87  6:21  Probe x2  
  87  6:23  Pylon  
  93  6:32  Shield Battery  
  93  6:33  Shield Battery, Zealot  
  93  6:35  Sentry x2  
  99  6:40  Pylon  
  99  6:41  Dark Templar  
  99  6:46  Shield Battery  
  101  6:49  Shield Battery  
  101  6:55  Gateway, Probe  
  101  6:59  Gateway, Assimilator  
  104  7:04  Assimilator  
  104  7:05  Dark Templar x2  
  104  7:06  Zealot  
  108  7:11  Zealot x2  
  112  7:16  Immortal  
  112  7:23  Zealot  
  112  7:28  Dark Templar  
  112  7:32  Zealot x2  
  113  7:38  Dark Templar x2  
  113  7:41  Probe x2  
  113  7:43  Zealot  
  115  7:53  Pylon, Zealot x3  
  115  7:56  Protoss Ground Weapons Level 2  
  115  7:57  Probe x2  
  122  8:02  Stargate  
  122  8:09  Probe x3  
  122  8:11  Immortal  
  129  8:13  Photon Cannon  
  129  8:14  Photon Cannon  
  129  8:30  Templar Archives  
  129  8:31  Pylon  
  129  8:33  Nexus  
  129  8:39  Oracle  
  129  8:40  Zealot  
  129  8:41  Zealot  
  133  8:50  Pylon  
  133  8:52  Zealot x2  
  133  8:54  Pylon  
  140  8:56  Pylon  
  140  9:04  Blink  
  140  9:08  Immortal  
  142  9:10  Dark Templar  
  142  9:15  Photon Cannon  
  142  9:16  Photon Cannon  
  144  9:27  Probe  
  144  9:28  Probe x2  
  144  9:30  Stalker x2  
  144  9:31  High Templar x2  
  155  9:32  Stalker x2  
  155  9:36  Archon  
  155  9:40  Probe  
  155  9:42  Zealot  
  155  9:43  Zealot  
  159  9:48  Immortal  
  159  9:51  Probe x3  
  162  9:59  Stalker x3  
  160  10:03  Stalker x2  
  162  10:15  Stalker x3  
  168  10:23  Stalker x3  
  168  10:28  Zealot x2  
  178  10:33  Probe x2  
  178  10:34  Protoss Ground Weapons Level 3  
  180  10:40  Pylon, Probe  
  180  10:41  Assimilator  
  179  10:43  Pylon  
  179  10:46  Assimilator  
  177  10:51  Nexus  
  177  10:55  Pylon  
  171  10:57  Pylon  
  171  10:58  Pylon, Zealot x2  
  166  11:09  High Templar x4  
  174  11:11  Zealot x2  
  174  11:13  Archon  
  174  11:14  Archon  
  174  11:27  Photon Cannon  
  174  11:29  Zealot x2  
  178  11:34  Dark Templar x2  
  182  11:46  Pylon  
  182  11:47  Photon Cannon  
  182  11:50  Stalker x4  
  182  11:54  Dark Templar  
  192  11:56  Dark Templar  
  194  12:09  Dark Templar x2  
  198  12:20  Shield Battery  
  198  12:21  Dark Templar  
  200  12:23  Shield Battery  
  200  12:24  Shield Battery  
  200  12:30  Zealot  
  200  12:31  Zealot  
  198  12:40  Stalker x3  
  198  12:53  Fleet Beacon  
  198  12:55  Stargate  
  192  13:04  Stalker x2  
  192  13:05  Stalker x2  
  194  13:09  Probe x3  
  195  13:18  Archon x2  
  195  13:23  Zealot x2  
  197  13:47  Stalker x2  
  195  13:59  Stalker x4  
  199  14:03  Nexus  
  199  14:04  Pylon  
Show
View Real Time Build Order
Export as new Build Order

Cham Zerg 

Build Orders: Hatch First, Brood Lord Corruptor, Swarm Host 

Get SALT Encoding   

  12  0:00  Drone  
  13  0:08  Drone  
  14  0:16  Overlord  
  14  0:34  Drone  
  15  0:47  Drone  
  16  0:51  Drone  
  16  0:53  Hatchery  
  16  0:56  Drone  
  17  1:10  Extractor  
  16  1:14  Spawning Pool, Drone  
  16  1:19  Drone  
  17  1:29  Drone  
  18  1:40  Drone  
  19  1:51  Drone  
  20  2:00  Queen  
  22  2:05  Queen  
  22  2:06  Zergling x4  
  26  2:11  Metabolic Boost  
  26  2:14  Drone  
  27  2:19  Drone  
  28  2:33  Hatchery  
  28  2:35  Drone  
  28  2:48  Overlord  
  28  2:50  Extractor  
  28  2:51  Extractor, Queen  
  27  2:55  Overlord  
  29  3:06  Spore Crawler  
  29  3:11  Drone x3  
  29  3:12  Drone x3  
  35  3:17  Spore Crawler  
  35  3:18  Drone  
  35  3:21  Drone  
  35  3:24  Drone  
  37  3:31  Overlord  
  37  3:33  Drone  
  38  3:37  Drone x2  
  38  3:39  Drone  
  41  3:43  Drone  
  41  3:46  Drone x2  
  44  3:52  Drone  
  45  3:56  Drone x3  
  45  3:57  Zergling x4  
  45  4:00  Drone  
  51  4:04  Queen  
  51  4:07  Drone  
  54  4:11  Overlord  
  54  4:13  Drone x2  
  54  4:16  Drone  
  57  4:18  Overlord  
  57  4:21  Spore Crawler  
  57  4:23  Spore Crawler  
  55  4:25  Zergling x4  
  55  4:27  Zergling x2  
  58  4:34  Roach Warren, Lair  
  58  4:36  Zergling x2  
  58  4:37  Zergling x2  
  59  4:39  Zergling x2  
  59  4:41  Zergling x4  
  59  4:44  Zergling x2  
  59  4:45  Zergling x2  
  63  4:51  Overlord  
  63  4:53  Drone x5  
  63  4:56  Drone  
  63  4:57  Drone  
  70  5:01  Overlord  
  70  5:02  Drone x2  
  70  5:07  Drone  
  73  5:10  Drone x4  
  75  5:16  Drone x2  
  75  5:18  Overlord  
  75  5:20  Overlord  
  74  5:22  Drone x2  
  74  5:25  Extractor  
  75  5:29  Extractor x2  
  75  5:30  Roach  
  75  5:31  Extractor, Roach x4  
  75  5:34  Roach x2  
  86  5:37  Overlord  
  86  5:38  Roach x2  
  90  5:43  Roach  
  90  5:44  Overlord, Extractor  
  91  5:51  Roach  
  93  5:59  Overlord  
  90  6:10  Zergling x2  
  90  6:11  Zergling x18  
  100  6:12  Nydus Network  
  100  6:17  Roach  
  99  6:19  Overlord  
  99  6:23  Roach x2  
  99  6:25  Glial Reconstitution  
  103  6:28  Overlord  
  103  6:33  Roach  
  103  6:34  Roach  
  103  6:38  Overlord  
  107  6:44  Roach x2  
  110  6:48  Nydus Canal  
  110  6:53  Ravager x3  
  110  6:54  Overlord, Roach  
  113  6:55  Zergling x6  
  113  6:59  Zergling x4, Roach x3  
  126  7:03  Nydus Canal, Roach x2  
  129  7:11  Overseer  
  129  7:14  Nydus Canal  
  128  7:22  Zergling x4, Roach x3  
  127  7:23  Overseer  
  127  7:25  Roach x2  
  127  7:26  Zergling x4, Roach  
  127  7:28  Roach x3  
  135  7:33  Nydus Canal  
  135  7:34  Roach  
  135  7:35  Zergling x2, Roach  
  136  7:38  Roach  
  136  7:41  Zergling x4  
  133  7:49  Nydus Canal, Roach x2  
  135  7:56  Infestation Pit  
  135  7:58  Drone x9  
  138  8:06  Roach x2  
  138  8:09  Hatchery  
  145  8:12  Roach  
  145  8:13  Overseer, Roach  
  145  8:17  Overlord  
  145  8:18  Pneumatized Carapace  
  145  8:19  Overlord x2  
  145  8:22  Overseer  
  145  8:38  Swarm Host x5  
  160  8:43  Overlord x2  
  160  8:55  Swarm Host  
  157  8:57  Overlord x3  
  160  9:03  Swarm Host x5  
  160  9:06  Swarm Host  
  176  9:11  Drone  
  176  9:13  Evolution Chamber  
  176  9:16  Swarm Host  
  176  9:17  Swarm Host  
  176  9:23  Swarm Host x2, Nydus Canal  
  188  9:27  Zergling x12  
  194  9:37  Nydus Canal  
  193  9:43  Zerg Missile Weapons Level 1  
  192  9:50  Hive  
  192  9:51  Nydus Canal  
  192  9:52  Zergling x22  
  188  10:06  Nydus Canal  
  170  10:14  Roach  
  170  10:15  Zergling x14, Roach x4  
  187  10:23  Nydus Canal  
  187  10:26  Zergling x8, Roach x4  
  196  10:38  Spire  
  186  10:51  Roach x4  
  186  10:52  Ravager x4  
  192  10:58  Nydus Canal  
  184  11:05  Zergling x10, Roach x3  
  184  11:10  Roach  
  184  11:11  Roach x5  
  196  11:30  Nydus Canal  
  192  11:35  Roach x2  
  192  11:36  Roach x2  
  195  11:42  Extractor, Zerg Missile Weapons Level 2  
  195  11:43  Extractor  
  193  11:51  Nydus Canal  
  192  11:57  Ravager x3  
  192  11:58  Ravager x3  
  197  12:09  Spine Crawler  
  187  12:20  Corruptor x4, Greater Spire  
  189  12:23  Spore Crawler, Drone x2  
  189  12:24  Drone, Spine Crawler  
  189  12:25  Corruptor  
  186  12:31  Corruptor  
  177  12:40  Corruptor  
  177  12:43  Corruptor  
  167  12:46  Corruptor  
  167  12:47  Corruptor  
  167  12:49  Zergling x20  
  165  13:00  Zergling x4, Roach x3  
  170  13:09  Ravager  
  170  13:10  Zergling x18  
  177  13:33  Brood Lord x4  
  174  13:39  Brood Lord  
  174  13:40  Brood Lord  
  174  13:51  Brood Lord x2  
  178  13:56  Drone  
  178  13:57  Drone  
  183  14:02  Ravager x2  
  183  14:03  Ravager  
Tags
 
Add a new tag
Caveats
  • Supply blocks, unpowered buildings, or Contaminate may cause inaccurate times.
  • Supply counts are checked every 10 seconds.